 Dungeon Crawl Stone Soup version 0.26-a0-1181-gd376ed14c5 (webtiles) character file.

Game seed: 14296427289192175301

118 wythoutpain the Digger (level 5, -1/35 HPs)
             Began as a Formicid Earth Elementalist on Dec 25, 2020.
             Slain by Grinder (2 damage)
             ... on level 3 of the Dungeon on Dec 26, 2020.
             The game lasted 00:25:03 (3236 turns).

wythoutpain the Digger (FoEE)                       Turns: 3236, Time: 00:25:03

Health: -1/35      AC:  8    Str: 12    XL:     5   Next: 23%
Magic:  9/10       EV: 12    Int: 16    God:
Gold:   183        SH:  0    Dex: 11    Spells: 8/11 levels left

rFire    . . .     SeeInvis +   t - +0 hand axe (elec)
rCold    . . .     Faith    .   (no shield)
rNeg     . . .     Spirit   .   c - +0 robe
rPois    .         Reflect  .   (helmet unavailable)
rElec    .         Harm     .   (no cloak)
rCorr    .         Rampage  .   (no gloves)
Will     .....                  k - +1 pair of boots
Stlth    ++........             (no amulet)
HPRegen  0.11/turn              d - +4 ring of protection
MPRegen  0.12/turn              (no ring)

@: no status effects
A: permanent stasis, dig shafts and tunnels, four strong arms, antennae 3
a: Dig, Shaft Self


You were on level 3 of the Dungeon.
You visited 1 branch of the dungeon, and saw 3 of its levels.

You collected 183 gold pieces.

Inventory:

Hand Weapons
 f - a +0 dagger of speed
 r - a +0 great sword
 s - a +0 long sword
 t - a +0 hand axe of electrocution (weapon)
Missiles
 a - 24 poisoned darts
 b - 75 stones
 u - 4 boomerangs
Armour
 c - a +0 robe (worn)
 g - a +0 leather armour
 k - a +1 pair of boots (worn)
 w - a +2 scale mail of willpower
Jewellery
 d - a +4 ring of protection (left hand)
Wands
 n - a wand of paralysis (9)
 v - a wand of iceblast (11)
Scrolls
 e - 2 scrolls of remove curse
 i - a scroll of enchant armour
 q - 3 scrolls of identify
Potions
 h - a potion of heal wounds {unknown}
 j - 2 potions of lignification {unknown}
 l - 2 potions of attraction {unknown}
 o - a potion of cancellation {unknown}
 p - 2 potions of brilliance {unknown}


   Skills:
 + Level 0.2 Fighting
 + Level 1.0 Short Blades
 + Level 2.1 Dodging
 + Level 3.2 Stealth
 + Level 3.5 Spellcasting
 + Level 1.1 Transmutations
 + Level 4.7 Earth Magic


You had 8 spell levels left.
You knew the following spells:

 Your Spells              Type           Power        Failure   Level
a - Sandblast             Erth           36%          2%          1
b - Passwall              Tmut/Erth      10%          9%          2

Your spell library contained the following spells:

 Spells                   Type           Power        Failure   Level
 Stone Arrow              Conj/Erth      20%          21%         3
 Petrify                  Tmut/Erth      12%          47%         4
 Lee's Rapid Deconstruct  Erth           9%           56%         5


Dungeon Overview and Level Annotations

Branches:
Dungeon (3/15)

Altars:
Ru
Uskayaw
Xom
The Shining One

Annotations:
D:3 Grinder


Innate Abilities, Weirdness & Mutations

You cannot be hasted, slowed, berserked, paralysed or teleported.
You can dig through walls and to a lower floor.
Your four strong arms can wield two-handed weapons with a shield.
You have a pair of large antennae on your head. (SInv)


Message History

Grinder says, "Mostly I couldn't keep them alive."
Grinder closely misses you.
You barely miss Grinder.
Grinder is heavily wounded.
Grinder hits you but does no damage.
You hit Grinder but do no damage.
Grinder is heavily wounded.
Grinder rolls her eyes.
Grinder hits you.
* * * LOW HITPOINT WARNING * * *
Grinder gestures at you. Pain shoots through your body!
* * * LOW HITPOINT WARNING * * *
You closely miss Grinder.
Grinder is heavily wounded.
Grinder barely misses you.
You closely miss Grinder.
Grinder is heavily wounded.
Grinder hits you.
You die...

#.#.# #.# ##.# #.#.# #.#
#.# #.#.##### #.# #.#
........## #[# #.#
#...##...## #)# #.#
##[....#..# #.# #.#
#.###....# #.# #.# ##.#
##.#.# #5############.#
...# #.#.# #.@.........##.#
#..# #.#.# ###########.##.#
#..####.#.# #......#
......g...# #.#.####
#..######## #.#.# #..######
######.#.# ........#
#....)...#
#..####.##########.####.###
#.......)..........# #.#


You could see Grinder (resistant).

Vanquished Creatures
  Ijyb (D:3)
  2 adders (D:3)
  An ooze (D:1)
  A worm (D:2)
  3 dart slugs
  2 leopard geckos (D:2)
  8 orcs (D:3)
  2 giant cockroaches (D:1)
  5 hobgoblins
  10 kobolds
  A quokka (D:3)
  3 bats
  5 frilled lizards
  5 goblins (D:1)
  5 rats
54 creatures vanquished.

Notes
Turn   | Place    | Note
-------+----------+-------------------------------------------
     0 | D:1      | wythoutpain the Formicid Earth Elementalist began the quest
                  | for the Orb.
     0 | D:1      | Reached XP level 1. HP: 13/13 MP: 3/3
   214 | D:1      | Reached XP level 2. HP: 9/19 MP: 1/5
   746 | D:1      | Reached XP level 3. HP: 24/24 MP: 3/6
   979 | D:1      | Reached skill level 4 in Earth Magic
  1247 | D:2      | Reached skill level 1 in Short Blades
  1577 | D:2      | Found a glowing golden altar of the Shining One.
  1581 | D:2      | Found a sacrificial altar of Ru.
  2018 | D:3      | Reached XP level 4. HP: 30/30 MP: 2/8
  2180 | D:3      | Found a hide-covered altar of Uskayaw.
  2195 | D:3      | Learned a level 2 spell: Passwall
  2304 | D:3      | Found a shimmering altar of Xom.
  2308 | D:3      | Found a shimmering altar of Xom.
  2310 | D:3      | Found a shimmering altar of Xom.
  2311 | D:3      | Found a shimmering altar of Xom.
  2483 | D:3      | Noticed Ijyb
  2667 | D:2      | Found a shimmering altar of Xom.
  2970 | D:3      | Killed Ijyb
  2971 | D:3      | Reached XP level 5. HP: 35/35 MP: 8/10
  3178 | D:3      | Noticed Grinder
  3234 | D:3      | HP: 1/35 [Grinder/nerve-wracking pain (5)]
  3236 | D:3      | Slain by Grinder

Illustrated notes

Levels and vault maps discovered:
D:1:      erik_arrival_blinker_ship, layout_basic
D:2:      lemuel_upstairs_altar, layout_loops_ring, lemuel_crystal_altar,
          nicolae_overflow_crystal_walls
D:3:      layout_loops_ring, eat_drink_and_be_merry_uskayaw, xom_redecorated,
          uniq_grinder, uniq_ijyb

Skill      XL: |  1  2  3  4 |
---------------+-------------+-----
Dodging        | 2 |  2.1
Earth Magic    | 4 |  4.7
Short Blades   | 1 |  1.0
Spellcasting   | 3 |  3.5
Stealth        | 3 |  3.2
Fighting       | |  0.2
Transmutations | |  1.1

Action                   |  1- 3 |  4- 6 || total
-------------------------+-------+-------++-------
Melee: Dagger            |    57 |    22 ||    79
       Hand axe          |       |    40 ||    40
Throw: Stone             |     1 |       ||     1
 Cast: Sandblast         |    33 |    25 ||    58
       Passwall          |       |     4 ||     4
 Abil: Dig               |       |     1 ||     1
  Use: Scroll            |     6 |       ||     6
       Potion            |       |     4 ||     4
 Stab: Sleeping          |     5 |     4 ||     9
Armor: Robe              |    16 |    12 ||    28
Dodge: Dodged            |    20 |    35 ||    55

Table legend: (Time is in decaauts)
 A = Elapsed time spent in this place.
 B = Non-inter-level travel time spent in this place.
 C = Inter-level travel time spent in this place.
 D = Time resting spent in this place.
 E = Time spent auto-exploring this place.
 F = Levels seen in this place.
 G = Mean time per level.
                   A        B        C        D        E       F      G
               +--------+--------+--------+--------+--------+-----+--------+
         Total |   3220 |   3157 |     63 |    370 |   2131 |   3 | 1073.3 |
       Dungeon |   3220 |   3157 |     63 |    370 |   2131 |   3 | 1073.3 |
               +--------+--------+--------+--------+--------+-----+--------+

Top non-repeatable levels by time:
     D:1: 1191 daAuts
     D:2: 1053 daAuts
     D:3: 975 daAuts
